 Dungeon Crawl Stone Soup version 0.31-a0-532-g28f74ba3e5 (webtiles) character file.

Game seed: 16587371323331545847

250958 duskshroud the Severer (level 18, -1/262 (264) HPs)
             Began as a Minotaur Berserker on Aug 12, 2023.
             Was a High Priest of Trog.
             Splashed by a goliath frog (glowing shapeshifter)'s acid (8 damage)
             ... on level 1 of the Vaults.
             The game lasted 02:31:08 (31048 turns).

duskshroud the Severer (Minotaur Berserker)        Turns: 31048, Time: 02:31:09

HP:   -1/262 (264)  AC: 29    Str: 29    XL:     18   Next: 92%
MP:   17/17         EV:  2    Int:  4    God:    Trog [*****.]
Gold: 2757          SH: 13    Dex: 11    Spells: 17/17 levels left

rFire   . . .        a - +0 broad axe (heavy)
rCold   . . .        u - +0 kite shield
rNeg    . . .        e - melded +0 crystal plate armour
rPois   +            (helmet currently unavailable)
rElec   .            s - melded scarf {rC+ rF+}
rCorr   .            F - melded +0 pair of gloves
SInv    .            q - melded +0 pair of boots "Mepnup" {Dex+3}
Will    ++...        Q - amulet of Vitality {RegenMP++ Regen++}
Stlth   +            y - +5 ring of evasion
HPRegen 2.23/turn    n - ring of willpower
MPRegen 0.95/turn

%: no passive effects
@: tree-form, lightly drained
A: stationary, stasis, torment immunity, boosted hp, (horns 2), (retaliatory
headbutt)
}: 2/15 runes: decaying, gossamer
a: Renounce Religion, Berserk, Trog's Hand, Brothers in Arms


You were on level 1 of the Vaults.
You worshipped Trog.
Trog was extremely pleased with you.
You were a tree.
You visited 7 branches of the dungeon, and saw 32 of its levels.
You also visited: Bailey, Ice Cave and Volcano.

You collected 2757 gold pieces.

Inventory:

Hand Weapons
 a - a +0 heavy broad axe (weapon)
 b - a +2 broad axe of flaming
 c - a +2 broad axe of freezing
 d - the +6 arbalest of Ceagrij {speed, rElec}
   (You found it on level 1 of the Swamp)

   rElec:     It insulates you from electricity.
Missiles
 h - 4 atropa-tipped darts
 B - 2 throwing nets (quivered)
Armour
 e - a +0 crystal plate armour (melded)
 q - the +0 pair of boots "Mepnup" (melded) {Dex+3}
   (You found it on level 13 of the Dungeon)

   Dex+3:     It affects your dexterity (+3).
 s - a scarf of resistance (melded)
 u - a +0 kite shield (worn)
 F - a +0 pair of gloves (melded)
Jewellery
 n - a ring of willpower (right branch)
 w - a +5 ring of evasion
 y - a +5 ring of evasion (left branch)
 J - a +6 ring of dexterity
 Q - the amulet of Vitality (around neck) {RegenMP++ Regen++}
   (You found it on level 9 of the Dungeon)

   [amulet of magic regeneration]

   RegenMP:   It increases your rate of magic regeneration.
   Regen++:   It increases your rate of health regeneration.
 S - a ring of flight
Scrolls
 k - 16 scrolls of teleportation
 l - 2 scrolls of silence
 m - 3 scrolls of summoning
 r - a scroll of revelation
 v - 4 scrolls of enchant armour
 x - 4 scrolls of fear
 D - 7 scrolls of blinking
 M - 3 scrolls of fog
 V - a scroll of brand weapon
Potions
 f - 9 potions of curing
 i - a potion of cancellation
 j - 4 potions of enlightenment
 o - 9 potions of lignification
 p - 3 potions of might
 t - 3 potions of haste
 G - 4 potions of ambrosia
 I - 3 potions of heal wounds
 P - 6 potions of resistance
 Y - 2 potions of magic
 Z - 2 potions of invisibility


   Skills:
 + Level 19.5 Fighting
 - Level 20.0 Axes
 + Level 16.6 Ranged Weapons
 - Level 15.0 Armour
 - Level 15.0 Dodging
 - Level 15.0 Shields


You had 17 spell levels left.
You didn't know any spells.
Your spell library was empty.

Dungeon Overview and Level Annotations

Branches:
Dungeon (15/15)            Temple (0/1) D:7            Lair (5/5) D:8
  Swamp (4/4) Lair:3       Spider (4/4) Lair:3        Slime (0/5) Lair:5
    Orc (2/2) D:11         Vaults (1/5) D:14         Depths (1/4) D:15
 Bailey (visited)           IceCv (visited)         Volcano (visited)
    Elf: Orc:2

Altars:
Dithmenos
Fedhas
Gozag
Makhleb
Nemelex Xobeh
Okawaru
Qazlal
Trog
Wu Jian
Zin
The Shining One
Jiyva

Shops:
D:5 (   D:11 (   Orc:1 (

Portals:
Hell: Depths:1

Annotations:
D:3 2 transporters


Innate Abilities, Weirdness & Mutations

You are a tree.
Your roots penetrate the ground, keeping you stationary.
You cannot be teleported.
You are immune to unholy pain and torment.
Your maximum health is greatly increased.
Your equipment is partially melded.
((You have a pair of horns on your head.))
((You reflexively headbutt those who attack you in melee.))


Message History

The ironbound convoker is almost dead.
You slash the ironbound thunderhulk!
You block the ironbound thunderhulk's attack.
You slice the ironbound convoker like a ripe choko!!!
You kill the ironbound convoker!
Trog accepts your kill.
Trog appreciates your killing of a magic user.
You slice the slime creature!! You hit the ironbound thunderhulk.
The ironbound thunderhulk hits you with a +0 great mace.
* * * LOW HITPOINT WARNING * * *
The slime creature hits you!
* * * LOW HITPOINT WARNING * * *
You dice the ironbound thunderhulk like an onion!!!
You kill the ironbound thunderhulk!
Trog accepts your kill.
You slice the slime creature!!
The seven-headed hydra changes into a quicksilver ooze!
You block the slime creature's attack.
The vault sentinel blows a loud note on a signal horn!
You completely miss the slime creature.
The slime creature is almost dead.
The quicksilver ooze changes into a goliath frog!
The slime creature hits you but does no damage.
You slice the slime creature!!
You kill the slime creature!
Trog accepts your kill.
Electricity crackles from the ironbound thunderhulk's apparatus.
The bolt of lightning hits you!!!
* * * LOW HITPOINT WARNING * * *
The vault sentinel blows a loud note on a signal horn!
The vault sentinel unwields a +0 long sword.
The vault sentinel wields a +0 arbalest.
The vault sentinel shoots a bolt.
The bolt hits you.
* * * LOW HITPOINT WARNING * * *
You block the goliath frog's attack.
You cannot move.
The goliath frog hits you from afar!
* * * LOW HITPOINT WARNING * * *
You are splashed with acid!
You die...

#######
......#
#####
......#
####...#
......#
#......#
......#
#......#
......#
#......#
......#
###.)..#
......#
###♣)#
+######
##)#######
..#
##pFJ'J'O##
..#
#..#O#.'..#
..#
####p#.####
..#
#....#....#
..#
####''#'###
..#
#....#....#
..#
####.'.##'#
.#


You could see an ironbound thunderhulk, a slime creature, 2 vault sentinels and
a goliath frog shaped shifter.

Vanquished Creatures
  Bai Suzhen (Swamp:4)
  A tentacled monstrosity (Swamp:3)
  Mlioglotl (Swamp:4)
  A sphinx (Vaults:1)
  Kirke (Lair:5)
  Aizul (Spider:4)
  A frost giant (IceCv)
  3 emperor scorpions (Spider:4)
  2 vault wardens (Vaults:1)
  Louise (Spider:4)
  3 ghost moths (Spider:4)
  2 broodmothers
  2 ironbound thunderhulks (Vaults:1)
  6 ironbound preservers (Vaults:1)
  A very ugly thing (Depths:1)
  A war gargoyle (Vaults:1)
  3 stone giants
  A formless jellyfish (Vaults:1)
  4 eleionomae
  4 spark wasps
  The ghost of Alealo Viph the Grappler, a journeyman TrFi of Okawaru (D:13)
  8 bunyips
  The ghost of Urgle the Fighter, a journeyman FoFi of Okawaru (Lair:1)
  An ettin (D:15)
  An entropy weaver (Spider:4)
  3 jiangshi (Depths:1)
  A yaktaur captain (Vaults:1)
  A merfolk impaler (Depths:1)
  Josephine (Lair:5)
  4 fire dragons
  2 great orbs of eyes (Vaults:1)
  A rakshasa (Depths:1)
  A peacekeeper (Vaults:1)
  An ice dragon (Depths:1)
  A spriggan air mage (Swamp:4)
  6 centaur warriors
  3 radroaches
  16 hydras
  3 jorogumos
  4 catoblepae
  3 ghost crabs
  9 boulder beetles
  8 alligators
  2 ironbound frosthearts (Vaults:1)
  3 two-headed ogres
  13 death yaks
  3 deep troll earth magi (Depths:1)
  2 deep troll shamans (Depths:1)
  2 orc high priests (Bailey)
  5 tengu warriors
  9 demonic crawlers
  A vampire mage (Depths:1)
  Amaemon (Lair:2)
  Sonja (D:11)
  2 hell knights
  5 skeletal warriors (D:14)
  A salamander mystic (Volcano)
  A skyshark (Lair:5)
  3 iron trolls (Depths:1)
  4 goliath frogs (Swamp:2)
  3 pharaoh ants
  A fire crab (Swamp:4)
  2 sun moths
  4 spriggan druids
  21 deep trolls
  10 swamp dragons
  9 orb spiders
  3 bog bodies
  2 wizards (Vaults:1)
  4 ironbound convokers (Vaults:1)
  Pikel (D:7)
  5 harpies (Vaults:1)
  5 lindwurms
  10 ugly things
  18 wolf spiders
  2 steelbarb worms (Spider:4)
  A spectral boulder beetle (Lair:3)
  5 manticores
  3 will-o-the-wisps
  2 cyclopes
  9 elephants (Lair:5)
  3 moths of wrath
  5 salamanders (Volcano)
  An ice statue (IceCv)
  4 vault sentinels (Vaults:1)
  3 black mambas
  4 molten gargoyles (D:12)
  A gargoyle (D:14)
  An orange demon (Lair:2)
  17 cane toads
  5 torpor snails
  The ghost of wormstring the Gouger, a novice FeSh of Gozag (D:9)
  A spectral skyshark (Lair:3)
  An unseen horror (D:12)
  15 rime drakes
  An efreet (D:13)
  14 komodo dragons
  3 tengu conjurers (D:15)
  7 kobold demonologists
  10 yaktaurs (Vaults:1)
  A bloated husk (Swamp:2)
  6 tyrant leeches
  11 hornets
  4 trolls
  3 meliai (Spider:2)
  6 polar bears
  10 tarantellas
  16 blink frogs
  15 dream sheep
  18 jumping spiders
  A spectral dream sheep (Lair:3)
  16 slime creatures
  A shadow (D:10)
  11 culicivoras
  6 spriggans
  10 wyverns
  A vampire (D:13)
  6 wraiths
  6 fire bats (Volcano)
  3 spectral komodo dragons (Lair:3)
  57 yaks
  Eustachio (D:4)
  6 basilisks
  2 hogs (Lair:5)
  8 steam dragons
  43 redbacks
  13 vampire mosquitoes
  5 wargs
  15 swamp worms
  2 acid dragons
  12 water moccasins
  Duvessa (D:4)
  Pargi (D:4)
  6 black bears
  31 orc warriors
  12 swamp drakes
  4 sky beasts
  An ice beast (D:6)
  13 wolves
  3 ogres
  14 centaurs
  3 lemures (D:7)
  2 phantoms
  The ghost of pokeman the Magician, an amateur DEHW (D:3)
  13 kobold brigands
  18 bullfrogs
  A gnoll sergeant (D:7)
  2 scorpions
  8 wights (D:8)
  Dowan (D:4)
  6 killer bees (D:8)
  13 electric eels
  5 howler monkeys
  7 lava snakes
  2 hounds (D:6)
  8 jellies
  13 orc priests
  4 sleepcaps
  5 iguanas
  13 orc wizards
  6 hell rats (Lair:3)
  Robin (D:2)
  6 gnolls
  5 adders
  A white imp (D:5)
  An ufetubus (D:5)
  A worm (D:2)
  2 dart slugs
  63 orcs
  8 ball pythons
  12 bats
  5 endoplasms
  2 giant cockroaches
  20 goblins
  20 hobgoblins
  3 jackals
  31 kobolds
  3 quokkas
  3 training dummies (Orc:1)
  3 frilled lizards
  6 rats
  A butterfly (Lair:4)
1124 creatures vanquished.

Vanquished Creatures (collateral kills)
  A deep elf sorcerer (Vaults:1)
  A peacekeeper (Vaults:1)
2 creatures vanquished.

Vanquished Creatures (others)
  A fire dragon (Swamp:4)
  A goliath frog (Swamp:1)
  A swamp dragon (Swamp:4)
  A wizard (D:15)
  A wolf spider (Spider:2)
  A komodo dragon (Lair:5)
  A tyrant leech (Swamp:1)
  A bloated husk (Swamp:4)
  2 humans (Lair:5)
  2 swamp drakes (Swamp:4)
  8 foxfires
20 creatures vanquished.

Grand Total: 1146 creatures vanquished

Notes
Turn   | Place    | Note
-------+----------+-------------------------------------------
     0 | D:1      | duskshroud the Minotaur Berserker began the quest for the
                  | Orb.
     0 | D:1      | Reached XP level 1. HP: 19/19 MP: 0/0
   227 | D:1      | Reached skill level 4 in Axes
   242 | D:1      | Reached XP level 2. HP: 19/27 MP: 1/1
   870 | D:2      | Reached XP level 3. HP: 24/34 MP: 2/2
  1125 | D:2      | Reached ** piety under Trog
  1138 | D:2      | Noticed Robin
  1163 | D:2      | Reached skill level 5 in Axes
  1163 | D:2      | Killed Robin
  1164 | D:2      | Reached XP level 4. HP: 41/41 MP: 3/3
  1479 | D:3      | Found a transporter.
  1479 | D:3      | Noticed a kobold demonologist
  1498 | D:3      | Found a transporter.
  1504 | D:3      | Found a sparkling altar of Nemelex Xobeh.
  1771 | D:3      | Noticed pokeman's ghost (amateur DEHW)
  1783 | D:3      | Reached skill level 5 in Fighting
  1852 | D:3      | Found a runed translucent door.
  1864 | D:3      | Killed pokeman's ghost
  1865 | D:3      | Reached skill level 6 in Axes
  1865 | D:3      | Reached XP level 5. HP: 48/48 MP: 4/4
  2127 | D:4      | Noticed an ogre
  2133 | D:4      | Killed an ogre
  2134 | D:4      | Reached skill level 7 in Axes
  2134 | D:4      | Reached XP level 6. HP: 56/56 MP: 5/5
  2228 | D:4      | Reached skill level 8 in Axes
  2240 | D:4      | Noticed Pargi
  2247 | D:4      | Killed Pargi
  2472 | D:4      | Found an iron altar of Okawaru.
  2521 | D:4      | Noticed Dowan
  2529 | D:4      | Killed Dowan
  2530 | D:4      | Reached skill level 9 in Axes
  2530 | D:4      | Reached XP level 7. HP: 61/61 MP: 6/6
  2538 | D:4      | Noticed Duvessa
  2546 | D:4      | Killed Duvessa
  2874 | D:4      | Noticed Eustachio
  2891 | D:4      | Killed Eustachio
  2892 | D:4      | Reached skill level 10 in Axes
  3007 | D:5      | Entered Level 5 of the Dungeon
  3007 | D:5      | Found Xusm's Antique Weapon Shop.
  3182 | D:5      | Found a glowing golden altar of the Shining One.
  3509 | D:5      | Reached XP level 8. HP: 66/70 MP: 7/7
  3513 | D:5      | Found a burning altar of Makhleb.
  3516 | D:5      | Noticed a green death
  3669 | D:5      | Found a glowing silver altar of Zin.
  3672 | D:5      | Noticed an angel
  3775 | D:5      | Reached skill level 11 in Axes
  4003 | D:6      | Reached *** piety under Trog
  4331 | D:6      | Reached skill level 12 in Axes
  4347 | D:6      | Reached XP level 9. HP: 77/82 MP: 8/8
  4696 | D:7      | Found a blossoming altar of Fedhas.
  4908 | D:7      | Noticed Pikel
  4918 | D:7      | Killed Pikel
  4919 | D:7      | Reached skill level 10 in Fighting
  4919 | D:7      | Reached skill level 13 in Axes
  5017 | D:7      | Paralysed by a hornet for 1 turns
  5019 | D:7      | Paralysed by a hornet for 1 turns
  5235 | D:7      | Identified the +4 spear "Iroc" {pain, rF+ Str+4 Dex+3}
  5276 | D:7      | Found a staircase to the Ecumenical Temple.
  5504 | D:7      | Found an opulent altar of Gozag.
  6009 | D:8      | Reached XP level 10. HP: 54/95 MP: 9/9
  6011 | D:8      | Reached skill level 14 in Axes
  7133 | D:8      | Found a staircase to the Lair.
  7313 | D:8      | Found a bloodstained altar of Trog.
  7527 | D:9      | Noticed a cyclops
  7535 | D:9      | Killed a cyclops
  7536 | D:9      | Reached skill level 15 in Axes
  7586 | D:9      | Noticed a two-headed ogre
  7591 | D:9      | Killed a two-headed ogre
  7837 | D:9      | Noticed a deep troll
  7851 | D:9      | Killed a deep troll
  7904 | D:9      | Noticed a deep troll
  7926 | D:9      | Killed a deep troll
  7927 | D:9      | Reached XP level 11. HP: 106/106 MP: 10/10
  7970 | D:9      | Found the amulet of Vitality {RegenMP++ Regen++}
  8280 | D:9      | Found a runed translucent gate.
  8280 | D:9      | Found a runed translucent gate.
  8280 | D:9      | Found a runed translucent gate.
  8284 | D:9      | Found a viscous altar of Jiyva.
  8284 | D:9      | Noticed wormstring's ghost (novice FeSh)
  8571 | D:9      | Killed wormstring's ghost
  8648 | D:10     | Entered Level 10 of the Dungeon
  8648 | D:10     | Found a flagged portal.
  8657 | Bailey   | Entered a bailey
  8726 | Bailey   | Reached skill level 1 in Ranged Weapons
  8783 | Bailey   | Noticed an orc high priest
  8793 | Bailey   | Killed an orc high priest
  8843 | Bailey   | Reached **** piety under Trog
  8956 | Bailey   | Reached skill level 5 in Ranged Weapons
  9153 | Bailey   | Found an iron altar of Okawaru.
  9153 | Bailey   | Noticed an orc high priest
  9159 | Bailey   | Noticed a soul eater
  9163 | Bailey   | Killed an orc high priest
  9255 | Bailey   | Identified the +4 war axe of Lefetali {drain, rElec rPois
                  | Will+}
  9499 | D:10     | Reached skill level 5 in Armour
  9637 | D:10     | Noticed a boulder beetle
  9652 | D:10     | Killed a boulder beetle
  9653 | D:10     | Reached skill level 5 in Dodging
  9667 | D:10     | Identified the +10 short sword of Trial by Ordeal {distort,
                  | Fragile rF+++ Int+5}
  9689 | D:10     | Found an ornate altar of the Wu Jian Council.
  9851 | D:10     | Found a shadowy altar of Dithmenos.
 10183 | D:11     | Paralysed by a hornet for 2 turns
 10214 | D:11     | Found a stormy altar of Qazlal.
 10331 | D:11     | Noticed Sonja
 10350 | D:11     | Killed Sonja
 10417 | D:11     | Found a staircase to the Orcish Mines.
 10551 | D:11     | Reached XP level 12. HP: 93/108 MP: 11/11
 10574 | D:11     | Found Xeutil's Weapon Shop.
 11195 | Lair:1   | Entered Level 1 of the Lair of Beasts
 11226 | Lair:1   | Found a transporter.
 11307 | Lair:1   | Found a transporter.
 11522 | Lair:1   | Noticed Urgle's ghost (journeyman FoFi)
 11556 | Lair:1   | Reached ***** piety under Trog
 11628 | Lair:1   | Reached skill level 16 in Axes
 11808 | Lair:1   | Reached skill level 1 in Shields
 12285 | Lair:1   | Killed Urgle's ghost
 12286 | Lair:1   | Reached skill level 5 in Shields
 12391 | Lair:2   | Found a dark tunnel.
 12416 | Volcano  | Entered a volcano
 12655 | Volcano  | Reached XP level 13. HP: 77/125 MP: 12/12
 12712 | Volcano  | Found a burning altar of Makhleb.
 12751 | Volcano  | Found a burning altar of Makhleb.
 12871 | Lair:2   | Reached skill level 10 in Ranged Weapons
 13069 | Lair:2   | Noticed Amaemon
 13085 | Lair:2   | Killed Amaemon
 13085 | Lair:2   | Received a gift from Trog
 13718 | Lair:3   | Reached skill level 15 in Fighting
 13952 | Lair:3   | Found a hole to the Spider Nest.
 14037 | Lair:3   | Received a gift from Trog
 14038 | Lair:3   | Reached skill level 10 in Shields
 14270 | Lair:3   | Found a staircase to the Swamp.
 14314 | Swamp:1  | Entered Level 1 of the Swamp
 14338 | Swamp:1  | Reached XP level 14. HP: 112/135 MP: 13/13
 15260 | Lair:5   | Entered Level 5 of the Lair of Beasts
 15260 | Lair:5   | Noticed Kirke
 15266 | Lair:5   | Killed Kirke
 15319 | Lair:5   | Reached skill level 17 in Axes
 15357 | Lair:5   | Noticed Josephine
 15371 | Lair:5   | Killed Josephine
 15894 | Lair:5   | Found a staircase to the Slime Pits.
 15897 | Lair:5   | Found a viscous altar of Jiyva.
 16637 | Spider:1 | Entered Level 1 of the Spider Nest
 16658 | Spider:1 | Reached skill level 10 in Armour
 16704 | Spider:1 | Received a gift from Trog
 16807 | Spider:1 | Reached XP level 15. HP: 141/141 MP: 14/14
 18176 | Spider:2 | Reached skill level 10 in Dodging
 18968 | Spider:3 | Received a gift from Trog
 19512 | Spider:4 | Entered Level 4 of the Spider Nest
 19768 | Spider:4 | Noticed Louise
 19791 | Spider:4 | Killed Louise
 19820 | Spider:4 | Reached XP level 16. HP: 103/151 MP: 15/15
 20023 | Spider:4 | Noticed Aizul
 20045 | Spider:4 | Killed Aizul
 20310 | Spider:4 | Reached skill level 18 in Axes
 20566 | Spider:4 | Got a gossamer rune of Zot
 20685 | Spider:4 | Received a gift from Trog
 21229 | Orc:1    | Entered Level 1 of the Orcish Mines
 21245 | Orc:1    | Found Xeirghyff's Firing Range.
 21606 | Orc:1    | Found a frozen archway.
 21618 | IceCv    | Entered an ice cave
 21974 | IceCv    | Received a gift from Trog
 21980 | IceCv    | Reached skill level 15 in Shields
 22249 | Orc:2    | Entered Level 2 of the Orcish Mines
 22928 | Swamp:1  | Identified the +6 arbalest of Ceagrij {speed, rElec}
 23219 | Swamp:2  | Reached ****** piety under Trog
 23483 | Swamp:2  | Received a gift from Trog
 23907 | Swamp:3  | Noticed a tentacled monstrosity
 23916 | Swamp:3  | Killed a tentacled monstrosity
 23923 | Swamp:2  | Reached XP level 17. HP: 89/161 MP: 16/16
 24299 | Swamp:4  | Entered Level 4 of the Swamp
 24468 | Swamp:4  | Noticed Bai Suzhen
 24497 | Swamp:4  | Killed Bai Suzhen
 24802 | Swamp:4  | Received a gift from Trog
 24909 | Swamp:4  | Noticed Mlioglotl
 24928 | Swamp:4  | Killed Mlioglotl
 25452 | Swamp:4  | Got a decaying rune of Zot
 26647 | D:13     | Found a runed translucent gate.
 26648 | D:13     | Found a runed translucent gate.
 26651 | D:13     | Found a runed translucent gate.
 26653 | D:13     | Noticed Alealo Viph's ghost (journeyman TrFi)
 26655 | D:13     | Identified the +6 morningstar "Udeury" {flame, rPois rN+
                  | Int+3}
 26700 | D:13     | Received a gift from Trog
 26701 | D:13     | Reached skill level 19 in Axes
 26704 | D:13     | Killed Alealo Viph's ghost
 26721 | D:13     | Identified the +0 pair of boots "Mepnup" {Dex+3}
 27512 | D:14     | Reached skill level 15 in Armour
 27869 | D:14     | Reached skill level 15 in Ranged Weapons
 27942 | D:14     | You fall into a shaft and drop 1 floor!
 27942 | D:15     | Entered Level 15 of the Dungeon
 27952 | D:15     | Reached XP level 18. HP: 155/172 MP: 17/17
 28518 | D:15     | Found a staircase to the Depths.
 29146 | Depths:1 | Entered Level 1 of the Depths
 29392 | Depths:1 | Found a gateway to Hell.
 29400 | Depths:1 | Found a shadowy altar of Dithmenos.
 29701 | D:14     | Found a gate to the Vaults.
 29978 | Vaults:1 | Entered Level 1 of the Vaults
 30106 | Vaults:1 | Identified the +8 hand axe "Unuic" {flame, rElec rPois}
                  | (Trog gifted it to you on level 1 of the Vaults)
 30106 | Vaults:1 | Received a gift from Trog
 30357 | Vaults:1 | Reached skill level 15 in Dodging
 30361 | Vaults:1 | Reached skill level 20 in Axes
 30863 | Vaults:1 | Paralysed by a formless jellyfish for 1 turns
 31048 | Vaults:1 | HP: 7/262 [goliath frog (glowing shapeshifter) (13)]
 31048 | Vaults:1 | Splashed by a goliath frog (glowing shapeshifter)'s acid

Illustrated notes

Levels and vault maps discovered:
D:1:      wander_arrival_fairy_ring, layout_basic
D:2:      layout_basic, uniq_robin
D:3:      gammafunk_wand_slinger, layout_basic,
          mainiacjoe_overflow_tiny_flanked, hellmonk_ghost_happy_afterlife
D:4:      layout_loops_cross, okawaru_gym_becter, hangedman_decor_lopped,
          kennysheep_windowed_goal, uniq_duvessa, uniq_pargi, uniq_eustachio
D:5:      layout_cave_pods, grunt_temple_overflow_order_and_chaos_2,
          tso_metal_star, serial_shops, nicolae_shop_overgrown_old_shop
D:6:      layout_basic
D:7:      layout_layer_cave, lemuel_tele_altar, overflow_temple_1_default,
          minmay_temple_entry_grid, chequers_serial_rivers_large_a, uniq_pikel
D:8:      layout_basic, nicolae_overflow_hidden_temple, erik_lair_dragon
D:9:      layout_loops_ring, gammafunk_ghost_ooze, corexii_leaking_fountain,
          hellmonk_guarded_unrand_vitality_bloodlust
D:10:     layout_gridville, mainiacjoe_overflow_concentric_impassable,
          lemuel_round_altar, enter_bailey_2, minmay_misc_feat_doors,
          nzn_sisyphean_effort
D:11:     layout_loops_ring, david_orc_1_choice, serial_shops,
          nicolae_shop_crystal, nicolae_qazlal_general_emergency, uniq_sonja
D:12:     layout_irregular_city, roderic_batcave, minivault_8
D:13:     layout_stronghold, gammafunk_ghost_nasty_kobolds
D:14:     layout_irregular_city, hellmonk_vaults_attempted_burglary
D:15:     hangedman_depths_entry_civil_slaughter, layout_irregular_city,
          serial_rivers, chequers_serial_rivers_micro_c,
          chequers_serial_rivers_marsh, chequers_serial_rivers_micro_e,
          chequers_serial_rivers_micro_d, chequers_serial_rivers_micro_e
Lair:1:   layout_layer_cave, nzn_ghost_randoct, pdpol_lair_cavern_descent
Lair:2:   layout_gridlike, enter_volcano_1, grunt_megastairs_2, uniq_amaemon
Lair:3:   layout_regular_city, nicolae_swamp_entry_spooky,
          spider_nest_entry_funnel_web, infiniplex_staircase_pool,
          grunt_megastairs_5, lemuel_fruit_tree, serial_bayou_shore_a
Lair:4:   layout_loops_ring, lemuel_fruit_fields
Lair:5:   guppyfry_lair_end_dragon, layout_hall_layers,
          minmay_slime_entry_pillars, chequers_serial_rivers_marsh,
          minivault_11, uniq_kirke, uniq_josephine
Swamp:1:  layout_falls_marsh, evilmike_swamp_ruin_house_6
Swamp:2:  layout_basic_swamp, nicolae_swamp_dense_foliage
Swamp:3:  layout_basic_swamp, nicolae_swamp_fairy_circle
Swamp:4:  swamp_fiery, layout_basic_swamp, swamp_pool2,
          infiniplex_staircase_pool_2, uniq_mlioglotl, uniq_bai_suzhen
Spider:1: layout_spider_delve
Spider:2: layout_spider_delve
Spider:3: layout_spider_delve
Spider:4: spider_rune_water, hangedman_spider_tarantella_strand, uniq_louise,
          uniq_aizul
Orc:1:    layout_caves, portal_ice_cave_rime, nicolae_shop_firing_range
Orc:2:    kennysheep_orc_mage_school, layout_caves, minmay_orc_temple_b
Vaults:1: nicolae_vaults_minivaults, ontoclasm_vaults_hangar, v_misc_3,
          nicolae_vaults_triangles, nicolae_vaults_storage_closets_2,
          nicolae_vaults_little_ls, nicolae_vaults_tetromino_L_1, v_rooms_2,
          nicolae_vaults_house_2, vaults_room_corners, v_misc_5,
          nicolae_vaults_trapezoid_lopsided_3, layout_vaults_ring
Depths:1: layout_gridlike, nicolae_dithmenos_shadow_blocks, hell_entry,
          marbit_kobold_abyss_entry, slow_altar_2, kennysheep_random_hallway

Skill      XL: |  1  2  3  4  5  6  7  8  9 10 11 12 13 14 15 16 17 18 |
---------------+-------------------------------------------------------+-----
Fighting       | 4 5 8 11 12 13 14 15 16 17 18 19 | 19.5
Axes           | 4 5 6 7 9 10 12 13 15 16 17 18 19 20 | 20.0
Armour         | 4 6 7 8 10 12 13 15 | 15.0
Dodging        | 4 5 6 7 9 11 12 14 15 | 15.0
Ranged Weapons | 7 9 11 12 13 15 16 | 16.6
Shields        | 7 10 12 14 15 | 15.0

Action                     |  1- 3 |  4- 6 |  7- 9 | 10-12 | 13-15 | 16-18 || total
---------------------------+-------+-------+-------+-------+-------+-------++-------
  Melee: Hand axe          |    68 |    32 |       |       |       |       ||   100
         Headbutt          |     7 |    12 |    30 |    87 |   365 |   311 ||   812
         War axe           |       |    50 |    20 |   112 |  1029 |   261 ||  1472
         Battleaxe         |       |       |   161 |   355 |       |   213 ||   729
         Punch             |       |       |     1 |       |       |       ||     1
         Broad axe         |       |       |       |       |   119 |   775 ||   894
   Fire: Orcbow            |       |       |       |    56 |       |       ||    56
 Invoke: Berserk           |     1 |     3 |     6 |     9 |     6 |     6 ||    31
         Trog's Hand       |       |     1 |     4 |    11 |    13 |    20 ||    49
         Brothers in Arms  |       |       |       |       |       |     3 ||     3
    Use: Scroll            |       |       |       |    19 |     5 |    10 ||    34
         Potion            |       |       |       |       |     8 |     6 ||    14
   Stab: Confused          |       |       |       |       |     1 |       ||     1
 Armour: Animal skin       |     4 |       |       |       |       |       ||     4
         Chain mail        |    22 |    42 |    57 |    41 |       |       ||   162
         Crystal plate arm |       |       |       |    96 |   393 |   506 ||   995
         Swamp dragon scal |       |       |       |       |       |    30 ||    30
         Skin              |       |       |       |       |       |     4 ||     4
  Dodge: Dodged            |    36 |    37 |   132 |   279 |   687 |  1034 ||  2205
  Block: Kite shield       |       |       |       |    33 |   670 |   676 ||  1379

Table legend: (Time is in decaauts)
 A = Elapsed time spent in this place.
 B = Non-inter-level travel time spent in this place.
 C = Inter-level travel time spent in this place.
 D = Time resting spent in this place.
 E = Time spent auto-exploring this place.
 F = Levels seen in this place.
 G = Mean time per level.
                   A        B        C        D        E       F      G
               +--------+--------+--------+--------+--------+-----+--------+
         Total |  31190 |  27973 |   3217 |   2284 |  17642 |  35 |  891.1 |
       Dungeon |  15067 |  13222 |   1845 |   1534 |   9020 |  15 | 1004.5 |
          Lair |   5297 |   4805 |    492 |     95 |   3409 |   5 | 1059.4 |
         Swamp |   2967 |   2675 |    292 |    240 |   1587 |   4 |  741.8 |
   Spider Nest |   4046 |   3577 |    469 |    152 |   2146 |   4 | 1011.5 |
  Orcish Mines |    716 |    647 |     69 |      0 |    455 |   2 |  358.0 |
        Vaults |   1084 |   1084 |      0 |    153 |    566 |   1 | 1084.0 |
        Depths |    354 |    308 |     46 |      0 |    110 |   1 |  354.0 |
        Bailey |    753 |    753 |      0 |     83 |     11 |   1 |  753.0 |
      Ice Cave |    520 |    520 |      0 |     12 |    263 |   1 |  520.0 |
       Volcano |    382 |    382 |      0 |     13 |     73 |   1 |  382.0 |
               +--------+--------+--------+--------+--------+-----+--------+

Top non-repeatable levels by time:
     D:8: 2275 daAuts
  Lair:1: 1289 daAuts
  Lair:5: 1259 daAuts
     D:9: 1250 daAuts
Spider:4: 1244 daAuts
     D:7: 1237 daAuts
  Lair:3: 1197 daAuts
 Swamp:4: 1156 daAuts
    D:11: 1114 daAuts
Vaults:1: 1084 daAuts
    D:10: 1070 daAuts
Spider:1: 1069 daAuts
    D:13: 1058 daAuts
     D:5: 998 daAuts
Spider:2: 966 daAuts
